 Dungeon Crawl Stone Soup version 0.29-a0-268-g5627465c62 (webtiles) character file.

Game seed: 12302786301126411991

490 CryoSword the Chiller (level 6, -6/50 HPs)
             Began as a Demigod Ice Elementalist on Mar 7, 2022.
             Mangled by a yak (10 damage)
             ... on level 3 of the Dungeon.
             The game lasted 00:14:14 (4850 turns).

CryoSword the Chiller (Demigod Ice Elementalist)    Turns: 4850, Time: 00:14:15

Health: -6/50      AC:  5    Str: 17    XL:     6   Next: 59%
Magic:  10/13      EV: 13    Int: 17    God:
Gold:   168        SH:  0    Dex: 14    Spells: 3/10 levels left

rFire   . . .      SeeInvis .   f - +1 short sword (venom)
rCold   . . .      Faith    .   (no shield)
rNeg    . . .      Spirit   .   a - +0 robe
rPois   .          Reflect  .   g - +2 hat
rElec   +          Harm     .   i - +0 cloak
rCorr   .          Rampage  .   (no gloves)
Will    .....                   (no boots)
Stlth   ++........              l - amulet of the Air {Inacc Air Fly rElec RMsl}
HPRegen 0.16/turn               (no ring)
MPRegen 0.13/turn               (no ring)

@: flying, repel missiles
A: high MP 1, forlorn, divine attributes
a: no special abilities


You were on level 3 of the Dungeon.
You visited 1 branch of the dungeon, and saw 5 of its levels.

You collected 168 gold pieces.

Inventory:

Hand Weapons
 f - a +1 short sword of venom (weapon)
   (You took it off an orc on level 3 of the Dungeon)
Missiles
 c - a throwing net
 h - 188 stones
 k - 6 poisoned darts (quivered)
Armour
 a - a +0 robe (worn)
 g - a +2 hat (worn)
   (You found it on level 2 of the Dungeon)
 i - a +0 cloak (worn)
   (You found it on level 3 of the Dungeon)
Jewellery
 l - the amulet of the Air (around neck) {Inacc Air Fly rElec RMsl}
   (You found it on level 2 of the Dungeon)

   [amulet of nothing]

   It reduces the accuracy of all your attacks.
   It enhances your air magic.
   rElec:     It insulates you from electricity.
   Fly:       It grants you flight.
   RMsl:      It protects you from missiles.
 n - a +6 ring of dexterity
   (You found it on level 3 of the Dungeon)
Scrolls
 d - a scroll of enchant armour {unknown}
 e - 3 scrolls of fear {unknown}
 j - a scroll of torment {unknown}
 m - 3 scrolls of identify {unknown}
 o - a scroll of fog {unknown}
Potions
 b - a potion of magic


   Skills:
 + Level 2.5 Fighting
 + Level 1.8 Short Blades
 + Level 3.2 Dodging
 - Level 2.0 Stealth
 + Level 2.9 Spellcasting
 * Level 5.3 Ice Magic


You had 3 spell levels left.
You knew the following spells:

 Your Spells              Type           Power      Damage    Failure   Level
a - Freeze                Ice            80%        1d9       1%          1
b - Frozen Ramparts       Ice            40%        1d6       6%          3
c - Ozocubu's Armour      Ice            20%        N/A       6%          3

Your spell library contained the following spells:

 Spells                   Type           Power      Damage    Failure   Level
 Hailstorm                Conj/Ice       11%        3d5       50%         4


Dungeon Overview and Level Annotations

Branches:
Dungeon (5/15)
 Temple: D:4-7

Annotations:
D:4 1 transporter


Innate Abilities, Weirdness & Mutations

You have an increased reservoir of magic. (+10% MP)
You shall have no god before yourself.
Your divine heritage dramatically boosts your attributes as you level up.


Message History

The gnoll hits you from afar with a +0 scythe.
The gnoll hits you but does no damage.
You miss the gnoll. The gnoll barely misses you.
You miss the gnoll. The gnoll barely misses you.
You barely miss the gnoll. The gnoll closely misses you.
You hit the gnoll. The gnoll barely misses you.
You closely miss the gnoll. The gnoll hits you with a +0 scythe!
You are too injured to fight recklessly!
You are too injured to fight recklessly!
Aim: a gnoll, wielding a +0 scythe, wearing a +0 robe and quivering stones (heavily wounded)
You freeze the gnoll. The gnoll closely misses you.
The walls around you are covered in ice.
The wall freezes the gnoll.
The gnoll misses you.
Aim: a gnoll, wielding a +0 scythe, wearing a +0 robe and quivering stones (severely wounded)
You freeze the gnoll.
The wall freezes the gnoll.
You kill the gnoll!
An orc comes into view. It is wielding a +0 club.
An orc is nearby!
An orc is nearby!
You are too injured to fight recklessly!
You are too injured to fight recklessly!
The orc shouts!
You hear a shout!
The frozen ramparts melt away.
Aim: an orc, wielding a +0 club and wearing a +0 ring mail You freeze the orc!
The orc hits you with a +0 club.
Aim: an orc, wielding a +0 club and wearing a +0 ring mail (severely wounded)
You freeze the orc!
You kill the orc!
You have reached level 6!
Your experience leads to a dramatic increase in your attributes!
Increase (S)trength, (I)ntelligence, or (D)exterity?
You feel stronger. x4
An orc comes into view. It is wielding a +0 mace.
An orc wizard comes into view. It is wielding a +0 club.
You are too injured to fight recklessly!
Unknown command.
An orc comes into view. It is wielding a +0 long sword.
An orc comes into view. It is wielding a +0 club.
The orc shouts!
The orc wizard shouts!
The orc wizard gestures at you while chanting.
The puff of flame is repelled.
The orc wizard shouts!
There is an escape hatch in the ceiling here.
A mysterious force pulls you upwards. The hatch slams shut behind you.
There is a stone staircase leading down here.
You fly downwards.
Level annotation: 1 transporter
Found a stone staircase leading down.
There is a stone staircase leading up here.
You start resting.
You start resting.
There is a stone staircase leading down here.
k - 6 poisoned darts (gained 3)
h - 188 stones (gained 12)
You now have 168 gold pieces (gained 13).
Items here: )) [[ รท.
Found a dagger.
You see here a +0 dagger.
A goblin comes into view. It is wielding a +0 dagger.
A goblin is nearby!
The goblin shouts!
The goblin hits you with a +0 dagger.
You closely miss the goblin. The goblin hits you but does no damage.
You closely miss the goblin. The goblin misses you.
You closely miss the goblin. The goblin hits you with a +0 dagger.
You closely miss the goblin. The goblin hits you with a +0 dagger.
You barely miss the goblin. The goblin hits you with a +0 dagger.
You hit the goblin.
You kill the goblin!
No target in view!
No target in view!
Things that are here:
a +0 dagger; a goblin corpse A jelly comes into view.
The jelly moves out of view.
The jelly quivers.
The jelly hits you but does no damage.
You closely miss the jelly. The jelly misses you.
The jelly hits you but does no damage.
You hit the jelly.
Your hands burn!
The jelly completely misses you.
You hit the jelly.
Your hands burn!
The jelly closely misses you.
You closely miss the jelly. The jelly hits you.
You are splashed with acid.
Aim: a jelly (moderately wounded)
You freeze the jelly. The jelly barely misses you.
Aim: a jelly (severely wounded)
You freeze the jelly!
You kill the jelly!
Key pressed, stopping explore.
An orc is nearby!
A yak comes into view.
The yak bellows!
The orc shouts!
You puncture the orc!
The orc drinks a potion.
The orc is healed!
A yak comes into view.
The orc attacks as you move away! The orc closely misses you.
The orc attacks as you move away! The orc closely misses you.
You closely miss the orc. The orc hits you with a +0 club.
You barely miss the orc. The orc hits you but does no damage.
You closely miss the orc. The orc completely misses you.
The walls around you are covered in ice.
The wall freezes the yak.
You miscast Ozocubu's Armour.
You are very lightly contaminated with residual magic.
Nothing appears to happen.
The wall freezes the orc.
Aim: a yak (lightly wounded)
You freeze the yak!
The wall freezes the orc.
The wall freezes the yak.
The yak gores you!
Aim: a yak (moderately wounded)
You freeze the yak!
The wall freezes the yak.
The yak misses you.
The wall freezes the orc.
You kill the orc!
Your Dodging skill increases to level 3!
Aim: a yak (heavily wounded)
You freeze the yak.
The yak bellows!
The wall freezes the yak.
The yak barely misses you.
Aim: a yak (almost dead)
You freeze the yak.
The wall freezes the yak.
You kill the yak!
Your frozen ramparts will break if you move.
Continue? [Y]es or [N]o only, please.
Your frozen ramparts will break if you move.
Continue?
The frozen ramparts melt away as you move.
Your magical contamination has completely faded away.
There is a stone staircase leading up here.
The yak closely misses you.
There is a stone staircase leading up here.
The yak closely misses you.
You fly upwards.
There is a stone staircase leading down here.
A stone staircase leading down.
The walls around you are covered in ice.
The wall freezes the yak.
The yak gores you!
You hit the yak.
The yak is poisoned.
The wall freezes the yak.
The yak gores you!
* * * LOW HITPOINT WARNING * * *
You closely miss the yak. You punch the yak, but do no damage.
The wall freezes the yak.
The yak barely misses you.
You closely miss the yak.
The wall freezes the yak.
The yak gores you!
* * * LOW HITPOINT WARNING * * *
You barely miss the yak.
The wall freezes the yak.
The yak gores you.
* * * LOW HITPOINT WARNING * * *
Your frozen ramparts will break if you move.
Continue?
The frozen ramparts melt away as you move.
The yak attacks as you move away! The yak closely misses you.
The yak attacks as you move away! The yak gores you!
* * * LOW HITPOINT WARNING * * *
The yak attacks as you move away! The yak gores you!
You die...

.##.#..).....#.# #.#
#..#......
....####.###.#.# #.#
#..#...... .##.#
#.....#.# #.#
#..#.#.... .#..#
#######.#
###.###..#......
.#..# #.#
#.....#..#......
.#..# #.#
#.....#>.#....#.
.#### #.#
#.....#..#.##.#. ##
#.###.....#.......#.
#..@Y.....#....#.##.
#.###........#......
#.# #......#.#......
### ######.#.#..###.
#.#.#..#.#.
########......##.#
#..........##...#[
#.......##......##
#.......##........


You could see a yak (poisoned).

Vanquished Creatures
  A yak (D:4)
  2 ogres
  A jelly (D:4)
  A hound (D:4)
  A gnoll (D:4)
  4 adders
  3 worms
  5 orcs
  6 ball pythons
  6 endoplasms
  3 giant cockroaches
  9 goblins
  3 hobgoblins
  3 jackals (D:4)
  3 quokkas
  7 bats
  4 frilled lizards
  7 kobolds
  6 rats
75 creatures vanquished.

Notes
Turn   | Place    | Note
-------+----------+-------------------------------------------
     0 | D:1      | CryoSword the Demigod Ice Elementalist began the quest for
                  | the Orb.
     0 | D:1      | Reached XP level 1. HP: 14/14 MP: 5/5
   516 | D:1      | Reached XP level 2. HP: 22/22 MP: 7/7
   978 | D:1      | Reached skill level 4 in Ice Magic
  1391 | D:1      | Reached XP level 3. HP: 16/27 MP: 0/8
  1508 | D:1      | Learned a level 3 spell: Frozen Ramparts
  1509 | D:2      | Noticed an ogre
  1569 | D:2      | Reached skill level 1 in Fighting
  2351 | D:2      | Found the amulet of the Air {Inacc Air Fly rElec RMsl}
  2719 | D:3      | You are sucked into a shaft and drop 2 floors!
  2719 | D:5      | Entered Level 5 of the Dungeon
  2724 | D:4      | Noticed a yak
  2724 | D:4      | Noticed a yak
  2725 | D:4      | Noticed a yak
  3219 | D:3      | Reached XP level 4. HP: 35/35 MP: 10/10
  3297 | D:3      | Noticed an ogre
  3441 | D:2      | Killed an ogre
  3442 | D:2      | Reached XP level 5. HP: 11/41 MP: 11/11
  3769 | D:3      | Reached skill level 1 in Short Blades
  3809 | D:3      | Killed an ogre
  3879 | D:3      | Learned a level 3 spell: Ozocubu's Armour
  4297 | D:4      | Reached skill level 5 in Ice Magic
  4336 | D:4      | Found a transporter.
  4360 | D:4      | Reached XP level 6. HP: 28/48 MP: 5/13
  4763 | D:4      | Noticed a yak
  4764 | D:4      | Noticed a yak
  4778 | D:4      | Killed a yak
  4850 | D:3      | Mangled by a yak

Illustrated notes

Levels and vault maps discovered:
D:1:      roderic_crossed_star, layout_basic, minmay_misc_feat_chi, st_stairs_1
D:2:      layout_rooms
D:3:      cheibrodos_helix_gallery, layout_basic, nzn_wu_jian_contemplation,
          minmay_vboxes
D:4:      layout_basic, gammafunk_ghost_mausoleum
D:5:      layout_basic, minmay_temple_entry_overgrown,
          nicolae_ossuary_entry_false_entrances, cheibrodos_sewer_entry_bend,
          sigmund_army

Skill      XL: |  1  2  3  4  5  6 |
---------------+-------------------+-----
Stealth        | 2 |  2.0
Dodging        | 2 3 |  3.2
Spellcasting   | 2 |  2.9
Ice Magic      | 4 5 |  5.3
Fighting       | 1 2 |  2.5
Short Blades   | 1 |  1.8

Action                   |  1- 3 |  4- 6 || total
-------------------------+-------+-------++-------
Melee: Club              |    11 |       ||    11
       Whip              |    45 |       ||    45
       Unarmed           |     2 |       ||     2
       Short sword       |    16 |    81 ||    97
       Punch             |     1 |     1 ||     2
Throw: Stone             |     5 |     3 ||     8
       Dart              |       |     5 ||     5
 Cast: Freeze            |    58 |    15 ||    73
       Frozen Ramparts   |       |     5 ||     5
  Use: Scroll            |     4 |       ||     4
       Potion            |     1 |       ||     1
 Stab: Sleeping          |     4 |     1 ||     5
Armor: Robe              |    31 |    14 ||    45
Dodge: Dodged            |   108 |    56 ||   164
       Repelled          |       |     1 ||     1

Table legend: (Time is in decaauts)
 A = Elapsed time spent in this place.
 B = Non-inter-level travel time spent in this place.
 C = Inter-level travel time spent in this place.
 D = Time resting spent in this place.
 E = Time spent auto-exploring this place.
 F = Levels seen in this place.
 G = Mean time per level.
                   A        B        C        D        E       F      G
               +--------+--------+--------+--------+--------+-----+--------+
         Total |   4873 |   4654 |    219 |   1318 |   2111 |   5 |  974.6 |
       Dungeon |   4873 |   4654 |    219 |   1318 |   2111 |   5 |  974.6 |
               +--------+--------+--------+--------+--------+-----+--------+

Top non-repeatable levels by time:
     D:1: 1625 daAuts
     D:2: 1305 daAuts
     D:3: 1293 daAuts
     D:4: 644 daAuts
     D:5: 4 daAuts
